 Dungeon Crawl Stone Soup version 0.19-a0-1895-g783e625 (webtiles) character file.

602 inmateoo the Poker (level 7, -12/55 HPs)
             Began as a Demonspawn Skald on Oct 18, 2016.
             Was a Priest of Cheibriados.
             Mangled by an ogre
             ... wielding a +0 giant spiked club
              (19 damage)
             ... on level 4 of the Dungeon.
             The game lasted 00:08:13 (4683 turns).

inmateoo the Poker (Demonspawn Skald)               Turns: 4683, Time: 00:08:14

Health: -12/55     AC:  8    Str: 18 (20) XL:     7   Next: 18%
Magic:  10/10      EV:  8    Int: 16 (19) God:    Cheibriados [***...]
Gold:   257        SH:  9    Dex: 19      Spells: 4 memorised, 2 levels left

rFire  . . .     SeeInvis .     a - +1 spear
rCold  . . .     Gourm    .     q - +0 ring mail (curse)
rNeg   . . .     Faith    .     r - +1 shield {rPois}
rPois  +         Spirit   .     k - +1 helmet
rElec  .         Reflect  .     n - +0 cloak
rCorr  .         Harm     .     (no gloves)
MR     .....                    (no boots)
Stlth  +.........               (no amulet)
                                (no ring)
                                (no ring)

@: very slow
A: powered by pain 2, rot immunity
a: Bend Time, Temporal Distortion, Renounce Religion


You were on level 4 of the Dungeon.
You worshipped Cheibriados.
Cheibriados was most pleased with you.
You were not hungry.

You visited 1 branch of the dungeon, and saw 4 of its levels.

You collected 257 gold pieces.

Inventory:

Hand Weapons
 a - a +1 spear (weapon)
Armour
 k - a +1 helmet (worn)
 n - a +0 cloak (worn)
 q - a cursed +0 ring mail (worn)
 r - a +1 shield of poison resistance (worn)
Scrolls
 m - a scroll of immolation {unknown}
 p - a scroll of noise {unknown}
Potions
 f - a potion of cancellation
 g - 2 potions of cure mutation
 h - a potion of curing
 j - a potion of heal wounds {unknown}
Books
 c - a book of Battle

   Spells                             Type                      Level
   a - Infusion                       Charms                       1
   b - Shroud of Golubria             Charms/Translocation         2
   c - Song of Slaying                Charms                       2
   d - Spectral Weapon                Hexes/Charms                 3
   e - Regeneration                   Charms/Necromancy            3
 i - a book of Debilitation

   Spells                             Type                      Level
   a - Corona                         Hexes                        1
   b - Slow                           Hexes                        2
   c - Gell's Gravitas                Hexes/Translocation          3
   d - Inner Flame                    Hexes/Fire                   3
   e - Cause Fear                     Hexes                        4
   f - Leda's Liquefaction            Hexes/Earth                  4
Comestibles
 d - 4 bread rations
 l - 2 meat rations


   Skills:
 + Level 4.3 Fighting
 * Level 6.1 Polearms
 + Level 1.6 Armour
 - Level 0.8 Dodging
 + Level 0.0 Shields
 - Level 2.0 Spellcasting
 - Level 2.6 Charms


You had 2 spell levels left.
You knew the following spells:

 Your Spells              Type           Power        Failure   Level  Hunger
a - Infusion              Chrm           ##..         86%         1    #......
b - Song of Slaying       Chrm           ##......     96%         2    ###....
c - Shroud of Golubria    Chrm/Tloc      #.........   99%         2    ###....
d - Regeneration          Chrm/Necr      #.........   100%        3    ###....


Dungeon Overview and Level Annotations

Branches:
Dungeon (4/15)
 Temple: D:4-7

Altars:
Cheibriados
Elyvilon
Gozag
Ru
Sif Muna
Trog
Zin


Innate Abilities, Weirdness & Mutations

You sometimes gain power by taking damage.
You are immune to rotting.


Message History

You hit the ogre.
The ogre is almost dead.
Attack whom?
Press: ? - help, Dir - move target cursor, f/p - ogre
Aim: an ogre, wielding a giant spiked club (almost dead)
You hit the ogre.
The ogre is almost dead.
You block the ogre's attack.
Attack whom?
Press: ? - help, Dir - move target cursor, f/p - ogre
Aim: an ogre, wielding a giant spiked club (almost dead)
You hit the ogre but do no damage.
The ogre is almost dead.
Attack whom?
Press: ? - help, Dir - move target cursor, f/p - ogre
Aim: an ogre, wielding a giant spiked club (almost dead)
You barely miss the ogre.
The ogre is almost dead.
The ogre hits you with a giant spiked club!!
You die...

##....###.#### #.#....... ##....#
#.# #####.#...#.# #
......###.###...........#.##
......#.....................
#......##...........<.......
.......####..........##.#.#.
..#..#.# #...##.##..##...#.
..#..#.####.................
...)............@...#.###.#.
.<...#.#####.....O..#.###.#
..............>............
...#.#.#####.###..........#
...#.#.# #.####.#.#.....#... ..
...#.#.# ###.................. .#
#..#.#.# #.............##.##....#
...#.#.# ###..###.....##...##...#
#..#.#.#####..###.....#.###.#....


You could see an ogre.

Vanquished Creatures
  A phantom (D:4)
  An ogre (D:4)
  A centaur (D:3)
  The ghost of Philosophy the Conjurer, an amateur DECj (D:3)
  A hound (D:4)
  An orc wizard (D:4)
  A centaur skeleton (D:4)
  2 worker ants
  An iguana (D:4)
  5 adders
  An adder skeleton (D:4)
  A dart slug (D:3)
  3 leopard geckos
  5 orcs (D:4)
  9 bats
  7 giant cockroaches
  5 goblins
  4 hobgoblins
  2 jackals (D:2)
  2 quokkas
  A ball python (D:1)
  7 frilled lizards
  6 kobolds
  A leopard gecko skeleton (D:4)
  A quokka skeleton (D:4)
  7 rats
77 creatures vanquished.

Notes
Turn   | Place    | Note
-------+----------+-------------------------------------------
     0 | D:1      | inmateoo the Demonspawn Skald began the quest for the Orb.
     0 | D:1      | Reached XP level 1. HP: 16/16 MP: 3/3
   179 | D:1      | Reached skill level 2 in Polearms
   346 | D:1      | Gained mutation: You sometimes gain a little power by taking damage. [demonic ancestry]
   346 | D:1      | Reached XP level 2. HP: 21/22 MP: 5/5
   827 | D:2      | Reached skill level 3 in Polearms
   994 | D:2      | Found a faded altar of an unknown god.
  1014 | D:2      | Became a worshipper of Cheibriados the Contemplative
  1014 | D:2      | Reached * piety under Cheibriados
  1170 | D:2      | Gained mutation: You sometimes gain power by taking damage. [demonic ancestry]
  1170 | D:2      | Reached XP level 3. HP: 23/27 MP: 6/6
  1608 | D:3      | Learned a level 2 spell: Song of Slaying
  1638 | D:3      | Noticed Philosophy's ghost (amateur DECj)
  1792 | D:3      | Noticed a centaur
  1812 | D:3      | Killed a centaur
  1812 | D:3      | Reached skill level 4 in Polearms
  1812 | D:3      | Gained mutation: You are immune to rotting. [demonic ancestry]
  1812 | D:3      | Reached XP level 4. HP: 5/34 MP: 7/7
  2090 | D:3      | Learned a level 2 spell: Shroud of Golubria
  2117 | D:3      | Found an opulent altar of Gozag.
  2146 | D:3      | Found a sacrificial altar of Ru.
  2197 | D:4      | Noticed an ogre
  2272 | D:3      | Reached ** piety under Cheibriados
  2272 | D:3      | Reached XP level 5. HP: 39/39 MP: 8/8
  2549 | D:4      | Found a white marble altar of Elyvilon.
  2914 | D:4      | Reached skill level 5 in Polearms
  2919 | D:4      | Learned a level 3 spell: Regeneration
  2985 | D:4      | Noticed a phantom
  3066 | D:4      | Killed a phantom
  3066 | D:4      | Reached XP level 6. HP: 16/47 MP: 9/9
  3660 | D:3      | Killed Philosophy's ghost
  4020 | D:3      | Found a glowing silver altar of Zin.
  4020 | D:3      | Found a snail-covered altar of Cheibriados.
  4021 | D:3      | Found a deep blue altar of Sif Muna.
  4022 | D:3      | Found a bloodstained altar of Trog.
  4231 | D:3      | Reached skill level 1 in Armour
  4404 | D:4      | Reached skill level 6 in Polearms
  4404 | D:4      | Reached XP level 7. HP: 29/54 MP: 8/10
  4531 | D:4      | Reached *** piety under Cheibriados
  4683 | D:4      | Mangled by an ogre

Vault maps used:
D:1:      roderic_octagonal_star
D:2:      ecumenical_altar_1
D:3:      minitemple, nicolae_ru_the_path_less_chosen
D:4:      elyvilon_altar_1, gammafunk_temple_overflow_wave,
          minmay_misc_feat_more_columns, minmay_checkerbox

Skill      XL: |  1  2  3  4  5  6 |
---------------+-------------------+-----
Polearms       | 2 3 4 5 6 |  6.1
Fighting       | 3 4 |  4.3
Armour         | 1 |  1.6
Dodging        | |  0.8
Spellcasting   | |  2.0
Charms         | |  2.6

Action                   |  1- 3 |  4- 6 |  7- 9 || total
-------------------------+-------+-------+-------++-------
Melee: Spear             |   152 |   253 |    42 ||   447
       Unarmed           |     4 |       |       ||     4
 Cast: Shroud of Golubri |       |     1 |       ||     1
       Infusion          |       |       |     1 ||     1
  Use: Scroll            |     7 |     3 |       ||    10
       Potion            |     3 |     2 |       ||     5
 Stab: Sleeping          |       |     1 |     1 ||     2
  Eat: Chunk             |     2 |     3 |     1 ||     6
Armor: Leather armour    |    26 |       |       ||    26
       Ring mail         |    37 |    71 |    14 ||   122
       Skin              |     9 |       |       ||     9
Dodge: Dodged            |    58 |    83 |    17 ||   158
Block: Buckler           |    13 |    39 |     2 ||    54
       Shield            |       |       |     5 ||     5
